 Dungeon Crawl Stone Soup version 0.31.0 (webtiles) character file.

Game seed: 4800662147794392286

18 NamelessAdventurer the Ruffian (level 2, -3/14 HPs)
             Began as a Draconian Shapeshifter on Jan 20, 2024.
             Slain by Natasha (5 damage)
             ... on level 2 of the Dungeon.
             The game lasted 00:02:02 (347 turns).

NamelessAdventurer the Ruffian (DrSh)                Turns: 347, Time: 00:02:03

Health: -3/14      AC:  4    Str: 16    XL:     2   Next: 48%
Magic:  2/2        EV: 16    Int: 10    God:
Gold:   42         SH:  0    Dex: 10    Spells: 1/1 levels left

rFire   + .          .
                       - Unarmed
rCold   x . .        (shield currently unavailable)
rNeg    . . .        (body armour unavailable)
rPois   .            (helmet restricted)
rElec   .            (no cloak)
rCorr   .            (no gloves)
SInv    .            (no boots)
Will    .....        (no amulet)
Stlth   +            g - ring of fire
HPRegen 0.22/turn    (no ring)
MPRegen 0.08/turn

%: no passive effects
@: flux-form, slowed, glowing, very slow
A: glow, contaminating, reduced hp, AC +4, unfitting armour, cold-blooded
a: Begin Untransformation


You were on level 2 of the Dungeon.
You were something dangerously unstable.
You visited 1 branch of the dungeon, and saw 2 of its levels.

You collected 42 gold pieces.

Inventory:

Jewellery
 g - a ring of fire (left hand)
Talismans
 b - a beast talisman
 c - a flux talisman (active)
Scrolls
 d - a scroll of teleportation {unknown}
 f - a scroll of identify {unknown}
Potions
 a - 2 potions of lignification
 e - a potion of mutation {unknown}
 h - a potion of haste {unknown}


   Skills:
 * Level 1.2 Fighting
 * Level 1.8 Dodging
 * Level 0.3 Stealth
 * Level 3.3 Unarmed Combat
 * Level 3.3 Shapeshifting


You had one spell level left.
You didn't know any spells.
Your spell library contained the following spells:

 Spells                   Type           Power      Damage    Failure   Level
 Summon Small Mammal      Summ           0%         N/A       36%         1
 Call Canine Familiar     Summ           0%         N/A       75%         3
 Summon Blazeheart Golem  Fire/Summ      0%         N/A       98%         4
 Summon Lightning Spire   Summ/Air       0%         N/A       98%         4
 Lee's Rapid Deconstruct  Erth           0%         3d4*      100%        5
 Animate Armour           Summ/Erth      Unusable   N/A       N/A         4

Dungeon Overview and Level Annotations

Branches:
Dungeon (2/15)

Altars:

Shops:
D:2 [

Annotations:
D:2 Natasha


Innate Abilities, Weirdness & Mutations

You are something dangerously unstable.
You glow with magical radiation, making you easy to see and hit.
Foes you strike become dangerously contaminated with magical radiation.
Your maximum health is decreased, since you lack skill for your form.
You are incapable of wielding weapons or throwing items.
Your plain brown scales are hard. (AC +4)
You cannot fit into any form of body armour.
You are cold-blooded and may be slowed by cold attacks.


Message History

You add the spells Summon Small Mammal, Call Canine Familiar and Summon Blazeheart Golem to your library.
You hit Natasha.
Natasha begins to glow.
Natasha is moderately wounded.
Natasha casts a spell at you.
You feel yourself slow down.
You closely miss Natasha.
Natasha is moderately wounded.
Natasha claws you but does no damage. Natasha closely misses you.
You hit Natasha.
Natasha glows dangerously bright.
Natasha is heavily wounded.
Natasha barely misses you.
You barely miss Natasha. You tail-slap Natasha.
Natasha is heavily wounded.
Natasha stares at you and mumbles some strange words.
The magic dart hits you.
You hit Natasha.
Natasha shudders as magic cascades through her.
Natasha twists and deforms.
Natasha is severely wounded.
Natasha barely misses you. Natasha claws you.
* * * LOW HITPOINT WARNING * * *
Unknown command.
You closely miss Natasha.
Natasha is severely wounded.
Natasha casts a spell.
You closely miss Natasha.
Natasha is severely wounded.
Natasha barely misses you. The cerulean imp closely misses you.
You hit Natasha.
Natasha begins to glow.
You tail-slap Natasha.
Natasha is almost dead.
Natasha misses you.
The cerulean imp hits you from afar with a +1 spear.
* * * LOW HITPOINT WARNING * * *
Natasha misses you.
Unknown command.
You barely miss Natasha.
Natasha is almost dead.
The cerulean imp misses you. Natasha claws you.
You die...
Natasha begins licking her fur clean.

#.#.# ♣.♣.# #### ...#
#..####.### #..##.....#
#..##.....#####
###..........)..##
#.###...###......###.##.
......hp.........# #...
.[...(........##<###.##.
......5.#########.<>.#
.#####∩## ##.#.# #.
#.#># #. #.#.# #. #.#.#
.. #.#.# ..#.#


You could see Natasha (contam, misshapen) and a cerulean imp (summoned).

Vanquished Creatures
  2 dart slugs
  2 ball pythons (D:1)
  An endoplasm (D:1)
  A goblin (D:2)
  A hobgoblin (D:1)
  A quokka (D:2)
  3 bats
  A frilled lizard (D:1)
  A kobold (D:2)
13 creatures vanquished.

Notes
Turn   | Place    | Note
-------+----------+-------------------------------------------
     0 | D:1      | NamelessAdventurer the Draconian Shapeshifter began the
                  | quest for the Orb.
     0 | D:1      | Reached XP level 1. HP: 16/16 MP: 1/1
    93 | D:1      | Reached XP level 2. HP: 23/23 MP: 2/2
   327 | D:2      | Found Ozxemuj's Armour Boutique.
   334 | D:2      | Noticed Natasha
   347 | D:2      | Slain by Natasha

Illustrated notes

Levels and vault maps discovered:
D:1:      lightli_arrival_noodles, layout_basic
D:2:      layout_loops_ring, serial_forest, infiniplex_forest_lined_3,
          infiniplex_forest_lined_3, infiniplex_forest_lined_corner,
          infiniplex_forest_lined_4_way, infiniplex_forest_straight_4,
          infiniplex_forest_corner_1, infiniplex_forest_clump_curved,
          infiniplex_forest_lined_room_2, serial_shops, shop, shop, shop,
          nicolae_shop_tiny_real_fake_doors, kennysheep_doodads, uniq_sigmund,
          uniq_natasha

Action                     || total
---------------------------++-------
  Melee: Unarmed           ||    41
         Tailslap          ||     5
 Armour: Skin              ||    26
  Dodge: Dodged            ||    39
   Form: Flux              ||     1
